 Dungeon Crawl Stone Soup version 0.29-a0-817-g9904bce7a6 (webtiles) character file.

Game seed: 4475698982822611173

157 indigestion the Firebug (level 4, 0/33 HPs)
             Began as a Demigod Fire Elementalist on July 5, 2022.
             Succumbed to a scorpion's poison
             ... on level 2 of the Dungeon.
             The game lasted 00:06:04 (2551 turns).

indigestion the Firebug (Demigod Fire Elementalist) Turns: 2551, Time: 00:06:05

Health: 0/33       AC:  2    Str:  9    XL:     4   Next: 93%
Magic:  3/10       EV: 12    Int: 21    God:
Gold:   109        SH:  0    Dex: 14    Spells: 6/7 levels left

rFire   . . .      SeeInvis .   e - +0 dagger
rCold   . . .      Faith    .   (no shield)
rNeg    . . .      Spirit   .   a - +0 robe
rPois   .          Reflect  .   (no helmet)
rElec   .          Harm     .   (no cloak)
rCorr   .          Rampage  .   (no gloves)
Will    .....                   (no boots)
Stlth   ++........              (no amulet)
HPRegen 0.11/turn               (no ring)
MPRegen 0.12/turn               (no ring)

@: lethally poisoned (0 -> -8), on berserk cooldown, slowed, very slow
A: high MP 1, forlorn, divine attributes
a: no special abilities


You were on level 2 of the Dungeon.
You visited 1 branch of the dungeon, and saw 4 of its levels.

You collected 109 gold pieces.

Inventory:

Hand Weapons
 e - a +0 dagger (weapon)
Missiles
 g - 2 curare-tipped darts
Armour
 a - a +0 robe (worn)
Jewellery
 h - a ring of ice
 n - a +4 ring of protection
Scrolls
 c - a scroll of teleportation {unknown}
 d - a scroll of poison {unknown}
 f - a scroll of enchant weapon {unknown}
 j - a scroll of immolation {unknown}
 k - a scroll of amnesia {unknown}
 m - a scroll of identify {unknown}
 o - a scroll of blinking {unknown}
 p - a scroll of noise {unknown}
Potions
 b - 2 potions of magic
 l - a potion of ambrosia {unknown}


   Skills:
 + Level 2.7 Dodging
 + Level 2.8 Stealth
 + Level 2.4 Spellcasting
 + Level 2.0 Conjurations
 + Level 3.3 Fire Magic


You had 6 spell levels left.
You knew the following spells:

 Your Spells              Type           Power      Damage    Failure   Level
a - Foxfire               Conj/Fire      56%        2x1d6     4%          1

Your spell library contained the following spells:

 Spells                   Type           Power      Damage    Failure   Level
 Scorch                   Fire           32%        2d7       5%          2
 Conjure Flame            Conj/Fire      14%        6-21      14%         3
 Inner Flame              Hex/Fire       9%         N/A       22%         3
 Flame Wave               Conj/Fire      14%        2d6       41%         4
 Cause Fear               Hex            1%         N/A       80%         4
 Discord                  Hex            1%         N/A       100%        8


Dungeon Overview and Level Annotations

Branches:
Dungeon (4/15)
 Temple: D:4-7

Annotations:
D:2 1 runed translucent door, Crazy Yiuf


Innate Abilities, Weirdness & Mutations

You have an increased reservoir of magic. (+10% MP)
You shall have no god before yourself.
Your divine heritage dramatically boosts your attributes as you level up.


Message History

You feel very sick. The scorpion misses you.
You hit the scorpion but do no damage.
The scorpion is almost dead.
You feel sick.
The foxfire hits the scorpion but does no damage.
The scorpion is almost dead.
The foxfire hits the scorpion but does no damage.
The scorpion is almost dead.
The scorpion closely misses you. The scorpion stings you.
Casting: Foxfire (safe; 4% risk of failure)
Confirm with . or Enter, or press ? or * to list all spells.
You conjure some foxfire!
You feel sick. The scorpion stings you.
* * * LOW HITPOINT WARNING * * *
You are lethally poisoned!
The scorpion poisons you!
You closely miss the scorpion.
The scorpion is almost dead.
* * * LOW HITPOINT WARNING * * *
You feel very sick.
The foxfire hits the scorpion.
You kill the scorpion!
Your Conjurations skill increases to level 2!
Okay, then.
It was a potion of berserk rage.
A red film seems to cover your vision as you go berserk!
You feel yourself moving faster!
You feel mighty!
* * * LOW HITPOINT WARNING * * *
You feel very sick.
You feel a strong urge to attack something.
* * * LOW HITPOINT WARNING * * *
You feel sick.
Your foxfire dissipates!
You are too berserk!
* * * LOW HITPOINT WARNING * * *
You feel sick.
You feel your anger nearly subside.
You are no longer berserk.
You are exhausted.
You feel yourself slow down.
You die...

#####.. ## .......
.. ### #♣+♣##. #.
#.. ♣ #♣ #. #.# .♣
####§### #.##.♣
#....§<# ##.#..♣
#.###.§###.....♣
#...@.).#..♣ ♣
###..#.#.## ..♣ ♣♣
#....##..# s.♣ ♣♣.
♣♣♣♣♣##....###.# ..♣
♣..
♣♣♣.♣..#.>.#.##<.#
.. ♣..#
.#♣..♣.......#.#.#.#
. [..##
.+.♣♣♣♣.........##.#
#### # .#♣♣
♣♣.#..#......## #
♣♣##....#....### #


There were no monsters in sight!

Vanquished Creatures
  A scorpion (D:2)
  4 adders (D:2)
  A dart slug (D:1)
  A bat (D:1)
  5 endoplasms
  2 giant cockroaches
  5 goblins
  7 hobgoblins
  3 jackals (D:1)
  A quokka (D:1)
  10 ball pythons
  2 frilled lizards
  5 kobolds
  9 rats
56 creatures vanquished.

Vanquished Creatures (others)
  A quokka (D:1)
  A rat (D:1)
  119 foxfires
  9 plants (D:2)
130 creatures vanquished.

Grand Total: 186 creatures vanquished

Notes
Turn   | Place    | Note
-------+----------+-------------------------------------------
     0 | D:1      | indigestion the Demigod Fire Elementalist began the quest
                  | for the Orb.
     0 | D:1      | Reached XP level 1. HP: 14/14 MP: 5/5
   197 | D:1      | Reached skill level 1 in Conjurations
   363 | D:1      | Reached XP level 2. HP: 20/20 MP: 4/7
  1441 | D:2      | You fall into a shaft and drop 2 floors!
  1455 | D:3      | Reached skill level 3 in Fire Magic
  1456 | D:3      | Reached XP level 3. HP: 26/26 MP: 5/8
  2233 | D:2      | Reached XP level 4. HP: 9/33 MP: 0/10
  2495 | D:2      | Found a runed translucent door.
  2496 | D:2      | Noticed Crazy Yiuf
  2549 | D:2      | HP: 2/49 [poisoned by a scorpion]
  2551 | D:2      | Succumbed to a scorpion's poison

Illustrated notes

Levels and vault maps discovered:
D:1:      dpeg_cavernosity, layout_basic, lemuel_flame_loot_1
D:2:      layout_loops_ring, dilly_ecumenical_altar_fadedgnrine, basic_altar,
          st_stairs_14, minmay_fractal_squares_5, uniq_crazy_yiuf_cottage
D:3:      layout_rooms, dk_yredelemnul_ordeal, uniq_pargi
D:4:      layout_rooms, mainiacjoe_overflow_two_lobes, grunt_decor_resistance,
          uniq_duvessa

Skill      XL: |  1  2  3  4 |
---------------+-------------+-----
Conjurations   | 1 2 |  2.0
Stealth        | 2 |  2.8
Dodging        | 2 |  2.7
Spellcasting   | 2 |  2.4
Fire Magic     | 3 |  3.3

Action                   |  1- 3 |  4- 6 || total
-------------------------+-------+-------++-------
Melee: Dagger            |    44 |    13 ||    57
 Cast: Foxfire           |    56 |    15 ||    71
  Use: Potion            |       |     2 ||     2
 Stab: Sleeping          |     4 |       ||     4
Armor: Robe              |     6 |     2 ||     8
Dodge: Dodged            |    35 |    15 ||    50

Table legend: (Time is in decaauts)
 A = Elapsed time spent in this place.
 B = Non-inter-level travel time spent in this place.
 C = Inter-level travel time spent in this place.
 D = Time resting spent in this place.
 E = Time spent auto-exploring this place.
 F = Levels seen in this place.
 G = Mean time per level.
                   A        B        C        D        E       F      G
               +--------+--------+--------+--------+--------+-----+--------+
         Total |   2548 |   2527 |     21 |    548 |   1562 |   4 |  637.0 |
       Dungeon |   2548 |   2527 |     21 |    548 |   1562 |   4 |  637.0 |
               +--------+--------+--------+--------+--------+-----+--------+

Top non-repeatable levels by time:
     D:1: 1435 daAuts
     D:2: 1051 daAuts
     D:3: 50 daAuts
     D:4: 10 daAuts
